[ PARTIDA AOE2 · #507263321 ]
UnrankedPolacos vs Goths
Equipo del jugador · DERR
Equipo rival · VICT
[ ANÁLISIS DE REPETICIÓN · EXTRAÍDO DE LA PARTIDA GRABADA ]
Feudal
9:25
Castillos
18:24
Imperial
42:30
| APM promedio | 60.8 |
| APM pico | 107 |
| eAPM promedio | 37.6 |
| Aldeanos / militares | 191 / 448 |
Foco
⚔️ 53.4% · 🌾 46.6%
Knight ×150 · Obuch ×140 · Scout Cavalry ×119 · Cavalry Archer ×22 · Skirmisher ×6 · Monk ×5
Feudal
11:29
Castillos
19:49
Imperial
36:53
| APM promedio | 69.5 |
| APM pico | 150 |
| eAPM promedio | 36.0 |
| Aldeanos / militares | 213 / 495 |
Foco
⚔️ 45.1% · 🌾 54.9%
Spearman ×183 · Huskarl ×113 · Militia ×110 · Hand Cannoneer ×56 · Archer ×12 · Trebuchet (Packed) ×11
Mapa de la partida
Recursos iniciales + cada clic de construcción. Líneas = muros · curvas = relieve. ◆ oro · ⬟ piedra · ● bayas · ✦ reliquia · ◌ hueco del cierre
Tu base· Abierta — el rival se encerró
Base de Mawashigeri· ✓ Cerrada en 19:49 · 47t muro · 1 puerta(s)
Terreno inicial suavizado · ◌ = hueco del cierre detectado · pasá el cursor para detalles
Inputs por minuto
— Mariann - - Mawashigeri
Build order — Mariann
Primeras 150 de 823 acciones detectadas
| 0:01 | Encolar | Villager (Male) |
| 0:02 | Construir | House |
| 0:04 | Construir | House |
| 0:07 | Encolar | Villager (Male) |
| 0:07 | Encolar | Villager (Male) |
| 0:24 | Encolar | Villager (Male) |
| 0:24 | Encolar | Villager (Male) |
| 1:33 | Encolar | Villager (Male) |
| 1:34 | Encolar | Villager (Male) |
| 2:08 | Encolar | Villager (Male) |
| 2:08 | Encolar | Villager (Male) |
| 2:28 | Encolar | Villager (Male) |
| 2:28 | Encolar | Villager (Male) |
| 2:50 | Encolar | Villager (Male) |
| 2:50 | Encolar | Villager (Male) |
| 3:07 | Encolar | Villager (Male) |
| 3:07 | Encolar | Villager (Male) |
| 3:13 | Construir | Lumber Camp |
| 3:42 | Encolar | Villager (Male) |
| 3:51 | Construir | House |
| 3:54 | Encolar | Villager (Male) |
| 4:17 | Encolar | Villager (Male) |
| 4:32 | Encolar | Villager (Male) |
| 4:46 | Encolar | Villager (Male) |
| 4:47 | Encolar | Villager (Male) |
| 5:03 | Construir | Mill |
| 5:14 | Encolar | Villager (Male) |
| 5:38 | Investigar | Loom |
| 5:40 | Construir | Palisade Wall |
| 5:55 | Construir | Palisade Wall |
| 6:17 | Encolar | Villager (Male) |
| 6:46 | Encolar | Villager (Male) |
| 6:57 | Construir | Mill |
| 7:15 | Investigar | Feudal Age |
| 7:15 | Investigar | Feudal Age |
| 7:23 | Construir | Palisade Wall |
| 7:43 | Construir | Palisade Wall |
| 8:14 | Encolar | Villager (Male) |
| 9:13 | Construir | Palisade Wall |
| 9:18 | Construir | Palisade Wall |
| 9:21 | Construir | Palisade Wall |
| 9:25 | Edad | Edad Feudal |
| 9:27 | Investigar | Double-Bit Axe |
| 9:28 | Investigar | Horse Collar |
| 9:33 | Construir | Palisade Wall |
| 9:38 | Encolar | Villager (Male) |
| 10:07 | Encolar | Villager (Male) |
| 10:25 | Encolar | Villager (Male) |
| 10:38 | Construir | Barracks |
| 10:57 | Construir | Palisade Wall |
| 10:58 | Construir | Palisade Wall |
| 11:07 | Encolar | Villager (Male) |
| 11:31 | Encolar | Villager (Male) |
| 11:36 | Construir | Archery Range |
| 11:47 | Construir | Mining Camp |
| 11:51 | Encolar | Villager (Male) |
| 12:19 | Construir | Palisade Wall |
| 12:23 | Encolar | Villager (Male) |
| 12:32 | Encolar | Archer |
| 12:33 | Encolar | Archer |
| 12:35 | Construir | Blacksmith |
| 12:40 | Construir | House |
| 12:43 | Encolar | Villager (Male) |
| 12:56 | Encolar | Villager (Male) |
| 13:08 | Construir | House |
| 13:16 | Encolar | Villager (Male) |
| 13:19 | Construir | Farm |
| 13:19 | Construir | Farm |
| 13:20 | Construir | Farm |
| 13:20 | Construir | Farm |
| 13:23 | Construir | Farm |
| 13:23 | Construir | Farm |
| 13:30 | Construir | House |
| 13:36 | Encolar | Villager (Male) |
| 13:59 | Construir | House |
| 14:04 | Encolar | Villager (Male) |
| 14:09 | Construir | Farm |
| 14:10 | Construir | Farm |
| 14:13 | Encolar | Archer |
| 14:16 | Construir | House |
| 14:40 | Encolar | Villager (Male) |
| 14:55 | Encolar | Villager (Male) |
| 15:25 | Construir | Farm |
| 15:26 | Construir | Farm |
| 15:28 | Construir | Farm |
| 15:33 | Construir | House |
| 15:34 | Construir | House |
| 15:34 | Construir | House |
| 15:38 | Construir | Mining Camp |
| 15:44 | Investigar | Castle Age |
| 15:45 | Investigar | Castle Age |
| 15:52 | Construir | Farm |
| 15:53 | Construir | Farm |
| 15:57 | Encolar | Skirmisher |
| 16:10 | Encolar | Skirmisher |
| 16:12 | Investigar | Padded Archer Armor |
| 16:25 | Construir | House |
| 16:33 | Encolar | Skirmisher |
| 16:56 | Encolar | Skirmisher |
| 16:58 | Investigar | Fletching |
| 16:58 | Investigar | Fletching |
| 17:10 | Construir | Palisade Wall |
| 17:13 | Construir | Palisade Wall |
| 17:14 | Construir | Palisade Wall |
| 17:15 | Construir | Palisade Wall |
| 17:17 | Construir | Palisade Wall |
| 17:24 | Construir | Palisade Wall |
| 17:26 | Construir | House |
| 17:27 | Construir | House |
| 17:29 | Construir | Palisade Wall |
| 17:37 | Construir | House |
| 17:48 | Encolar | Villager (Male) |
| 18:04 | Encolar | Skirmisher |
| 18:19 | Encolar | Villager (Male) |
| 18:24 | Edad | Edad de los Castillos |
| 18:41 | Encolar | Villager (Male) |
| 18:42 | Investigar | Bow Saw |
| 18:55 | Encolar | Villager (Male) |
| 18:59 | Construir | Town Center |
| 19:06 | Investigar | Heavy Plow |
| 19:21 | Encolar | Villager (Male) |
| 19:22 | Encolar | Cavalry Archer |
| 19:30 | Construir | Palisade Wall |
| 19:31 | Construir | House |
| 19:33 | Construir | House |
| 19:34 | Construir | Palisade Wall |
| 19:41 | Construir | Palisade Gate |
| 19:43 | Encolar | Villager (Male) |
| 19:56 | Encolar | Villager (Male) |
| 20:03 | Encolar | Cavalry Archer |
| 20:10 | Encolar | Villager (Male) |
| 20:11 | Encolar | Villager (Male) |
| 20:35 | Encolar | Villager (Male) |
| 20:35 | Encolar | Villager (Male) |
| 20:50 | Construir | Town Center |
| 21:09 | Encolar | Villager (Male) |
| 21:10 | Encolar | Villager (Male) |
| 21:36 | Construir | Mill |
| 21:37 | Construir | Farm |
| 21:37 | Construir | Farm |
| 21:38 | Construir | Farm |
| 21:38 | Construir | Farm |
| 21:38 | Construir | Farm |
| 21:39 | Construir | Farm |
| 21:39 | Construir | Farm |
| 21:41 | Encolar | Villager (Male) |
| 21:41 | Encolar | Villager (Male) |
| 21:42 | Encolar | Villager (Male) |
| 21:49 | Encolar | Villager (Male) |
| 21:49 | Encolar | Villager (Male) |
Build order — Mawashigeri
Primeras 150 de 968 acciones detectadas
| 0:00 | Encolar | Villager (Male) |
| 0:01 | Construir | House |
| 0:02 | Construir | House |
| 0:03 | Encolar | Villager (Male) |
| 0:14 | Encolar | Villager (Male) |
| 0:14 | Encolar | Villager (Male) |
| 0:14 | Encolar | Villager (Male) |
| 1:22 | Encolar | Villager (Male) |
| 1:45 | Investigar | Loom |
| 1:58 | Construir | Lumber Camp |
| 2:01 | Encolar | Villager (Male) |
| 2:16 | Encolar | Villager (Male) |
| 2:44 | Encolar | Villager (Male) |
| 3:11 | Encolar | Villager (Male) |
| 3:47 | Encolar | Villager (Male) |
| 3:59 | Construir | House |
| 4:10 | Construir | House |
| 4:14 | Encolar | Villager (Male) |
| 4:34 | Encolar | Villager (Male) |
| 4:38 | Construir | Barracks |
| 4:58 | Encolar | Villager (Male) |
| 5:11 | Construir | House |
| 5:25 | Encolar | Villager (Male) |
| 5:30 | Encolar | Militia |
| 5:32 | Encolar | Villager (Male) |
| 5:50 | Encolar | Militia |
| 6:00 | Construir | House |
| 6:06 | Encolar | Militia |
| 6:19 | Encolar | Villager (Male) |
| 6:27 | Construir | Palisade Wall |
| 6:38 | Construir | Mill |
| 6:41 | Encolar | Villager (Male) |
| 6:44 | Construir | Palisade Wall |
| 6:58 | Construir | Palisade Wall |
| 7:13 | Encolar | Villager (Male) |
| 7:32 | Encolar | Villager (Male) |
| 7:35 | Construir | Palisade Wall |
| 7:54 | Encolar | Villager (Male) |
| 7:57 | Construir | Palisade Wall |
| 8:17 | Construir | Mill |
| 8:27 | Encolar | Villager (Male) |
| 8:31 | Construir | Palisade Wall |
| 8:42 | Construir | Palisade Wall |
| 8:45 | Encolar | Villager (Male) |
| 9:19 | Investigar | Feudal Age |
| 9:34 | Construir | House |
| 9:46 | Construir | Palisade Wall |
| 9:52 | Construir | House |
| 9:56 | Construir | Palisade Wall |
| 10:02 | Construir | Palisade Wall |
| 10:03 | Construir | Palisade Wall |
| 10:05 | Construir | Palisade Wall |
| 10:35 | Construir | Mining Camp |
| 10:58 | Construir | Lumber Camp |
| 11:07 | Encolar | Villager (Male) |
| 11:29 | Edad | Edad Feudal |
| 11:31 | Investigar | Double-Bit Axe |
| 11:42 | Investigar | Horse Collar |
| 11:49 | Encolar | Villager (Male) |
| 12:02 | Construir | Archery Range |
| 12:15 | Encolar | Villager (Male) |
| 12:35 | Investigar | Horse Collar |
| 12:36 | Encolar | Villager (Male) |
| 12:42 | Construir | Farm |
| 12:49 | Construir | Farm |
| 12:53 | Encolar | Archer |
| 13:05 | Construir | Farm |
| 13:06 | Encolar | Villager (Male) |
| 13:12 | Encolar | Archer |
| 13:17 | Construir | Farm |
| 13:18 | Construir | Farm |
| 13:24 | Construir | Farm |
| 13:28 | Encolar | Villager (Male) |
| 13:35 | Construir | House |
| 13:43 | Encolar | Villager (Male) |
| 13:45 | Construir | House |
| 13:59 | Construir | Farm |
| 14:00 | Construir | Farm |
| 14:03 | Construir | Farm |
| 14:04 | Encolar | Villager (Male) |
| 14:05 | Encolar | Archer |
| 14:12 | Construir | Farm |
| 14:32 | Encolar | Archer |
| 14:33 | Encolar | Villager (Male) |
| 14:52 | Encolar | Archer |
| 15:12 | Encolar | Villager (Male) |
| 15:15 | Construir | Farm |
| 15:16 | Construir | Farm |
| 15:18 | Construir | Farm |
| 15:26 | Construir | Farm |
| 15:28 | Construir | Farm |
| 15:39 | Encolar | Villager (Male) |
| 15:39 | Encolar | Archer |
| 15:48 | Construir | Farm |
| 16:06 | Encolar | Villager (Male) |
| 16:09 | Construir | Palisade Gate |
| 16:23 | Encolar | Archer |
| 16:35 | Encolar | Villager (Male) |
| 16:40 | Construir | Blacksmith |
| 16:45 | Encolar | Archer |
| 16:47 | Construir | House |
| 17:01 | Encolar | Archer |
| 17:09 | Investigar | Castle Age |
| 17:10 | Investigar | Castle Age |
| 17:14 | Construir | House |
| 17:23 | Investigar | Fletching |
| 18:02 | Construir | Stable |
| 18:41 | Encolar | Villager (Male) |
| 18:54 | Encolar | Archer |
| 19:10 | Construir | Stable |
| 19:12 | Investigar | Scale Barding Armor |
| 19:25 | Encolar | Archer |
| 19:28 | Investigar | Bloodlines |
| 19:49 | Edad | Edad de los Castillos |
| 19:51 | Encolar | Knight |
| 19:57 | Encolar | Knight |
| 20:05 | Construir | Town Center |
| 20:08 | Investigar | Bow Saw |
| 20:12 | Encolar | Villager (Male) |
| 20:17 | Encolar | Archer |
| 20:20 | Encolar | Knight |
| 20:33 | Encolar | Villager (Male) |
| 20:48 | Encolar | Villager (Male) |
| 20:54 | Encolar | Villager (Male) |
| 21:07 | Encolar | Villager (Male) |
| 21:12 | Construir | Town Center |
| 21:19 | Encolar | Villager (Male) |
| 21:24 | Investigar | Heavy Plow |
| 21:25 | Encolar | Knight |
| 21:25 | Encolar | Knight |
| 21:37 | Encolar | Villager (Male) |
| 21:51 | Encolar | Knight |
| 21:52 | Encolar | Knight |
| 22:02 | Encolar | Villager (Male) |
| 22:17 | Encolar | Villager (Male) |
| 22:20 | Construir | House |
| 22:29 | Encolar | Villager (Male) |
| 22:34 | Encolar | Villager (Male) |
| 22:37 | Construir | Farm |
| 22:37 | Construir | Farm |
| 22:38 | Construir | Farm |
| 22:38 | Construir | Farm |
| 22:38 | Construir | Farm |
| 22:48 | Encolar | Villager (Male) |
| 22:58 | Construir | House |
| 23:03 | Encolar | Villager (Male) |
| 23:05 | Encolar | Villager (Male) |
| 23:16 | Construir | Farm |
| 23:23 | Encolar | Villager (Male) |
| 23:27 | Construir | Town Center |
Cronología de la partida
| 4:38 | Mawashigeri · first_building Barracks |
| 5:40 | Mariann · wall_segment Palisade Wall x1 |
| 5:55 | Mariann · wall_segment Palisade Wall x1 |
| 6:27 | Mawashigeri · wall_segment Palisade Wall x3 |
| 6:44 | Mawashigeri · wall_segment Palisade Wall x7 |
| 6:58 | Mawashigeri · wall_segment Palisade Wall x3 |
| 7:23 | Mariann · wall_segment Palisade Wall x1 |
| 7:35 | Mawashigeri · wall_segment Palisade Wall x5 |
| 7:43 | Mariann · wall_segment Palisade Wall x1 |
| 7:57 | Mawashigeri · wall_segment Palisade Wall x4 |
| 8:31 | Mawashigeri · wall_segment Palisade Wall x7 |
| 8:42 | Mawashigeri · wall_segment Palisade Wall x8 |
| 9:13 | Mariann · wall_segment Palisade Wall x1 |
| 9:18 | Mariann · wall_segment Palisade Wall x1 |
| 9:21 | Mariann · wall_segment Palisade Wall x1 |
| 9:25 | Mariann · age_up feudal |
| 9:33 | Mariann · wall_segment Palisade Wall x5 |
| 9:46 | Mawashigeri · wall_segment Palisade Wall x8 |
| 9:56 | Mawashigeri · wall_segment Palisade Wall x1 |
| 10:02 | Mawashigeri · wall_segment Palisade Wall x1 |
| 10:03 | Mawashigeri · wall_segment Palisade Wall x1 |
| 10:05 | Mawashigeri · wall_segment Palisade Wall x1 |
| 10:38 | Mariann · first_building Barracks |
| 10:57 | Mariann · wall_segment Palisade Wall x1 |
| 10:58 | Mariann · wall_segment Palisade Wall x1 |
| 11:29 | Mawashigeri · age_up feudal |
| 11:36 | Mariann · first_building Archery Range |
| 12:02 | Mawashigeri · first_building Archery Range |
| 12:19 | Mariann · wall_segment Palisade Wall x2 |
| 17:10 | Mariann · wall_segment Palisade Wall x1 |
| 17:13 | Mariann · wall_segment Palisade Wall x1 |
| 17:14 | Mariann · wall_segment Palisade Wall x1 |
| 17:15 | Mariann · wall_segment Palisade Wall x1 |
| 17:17 | Mariann · wall_segment Palisade Wall x7 |
| 17:24 | Mariann · wall_segment Palisade Wall x1 |
| 17:29 | Mariann · wall_segment Palisade Wall x1 |
| 18:02 | Mawashigeri · first_building Stable |
| 18:24 | Mariann · age_up castle |
| 19:30 | Mariann · wall_segment Palisade Wall x1 |
| 19:34 | Mariann · wall_segment Palisade Wall x2 |
| 19:49 | Mawashigeri · age_up castle |
| 25:00 | Mawashigeri · first_building Monastery |
| 26:49 | Mariann · first_building Stable |
| 27:56 | Mawashigeri · first_building Castle |
| 27:57 | Mariann · first_building Castle |
| 30:24 | Mariann · first_building Siege Workshop |
| 30:55 | Mariann · first_market_buy 100 stone |
| 32:50 | Mawashigeri · first_market_sell 100 wood |
| 35:29 | Mariann · first_building Monastery |
| 36:53 | Mawashigeri · age_up imperial |
| 39:11 | Mariann · wall_segment Stone Wall x1 |
| 39:35 | Mariann · wall_segment Stone Wall x1 |
| 39:35 | Mariann · wall_segment Stone Wall x1 |
| 42:30 | Mariann · age_up imperial |
| 56:35 | Mariann · resign |
[ ANÁLISIS IA · 1 CRÉDITO ]
¿Qué pasó realmente en esta partida?
Wolo.gg analiza cada decisión: build order, eco, micro, errores típicos por bracket. Análisis personalizado por WhatsApp o Discord en 30 segundos.
Guía civ
Polacos
Perfil
Jugador #4502670